 Dungeon Crawl Stone Soup version 0.13.0-59-g13bd910 (webtiles) character file.

15521 Chiseanne the Protected (level 11, -13/87 (88) HPs)
             Began as a Demigod Monk on Nov 22, 2013.
             Mangled by a skeletal warrior
             ... wielding a +1,+2 glaive of dragon slaying
              (15 damage)
             ... on Level 13 of the Dungeon.
             The game lasted 00:58:21 (18518 turns).

Chiseanne the Protected (Demigod Monk)             Turns: 18518, Time: 00:58:21

HP -13/87 (88)   AC 17     Str 23      XL: 11   Next: 66%
MP  25/25        EV  4     Int 15      God:
Gold 369         SH 22     Dex 19      Spells:  1 memorised, 15 levels left

Res.Fire  : + . .   See Invis. : +   m - +9,+7 war axe "Ofunir" {venom, rC+ Str+1}
Res.Cold  : + + .   Warding    : .   O - +0 orc plate armour
Life Prot.: . . .   Conserve   : .   r - +1 shield
Res.Poison: .       Res.Corr.  : .   q - +2 helmet {SInv}
Res.Elec. : .       Clarity    : .   (no cloak)
Sust.Abil.: . .     Spirit.Shd : .   (no gloves)
Res.Mut.  : .       Stasis     : .   (no boots)
Res.Rott. : .       Flight     : .   w - amulet of the gourmand
Gourmand  : +                        o - ring of protection from cold
                                     v - +2 ring of strength

@: somewhat resistant to hostile enchantments, extremely unstealthy
A: fire resistance 1
a: no special abilities


You were on level 13 of the Dungeon.
You were full.

You visited 2 branches of the dungeon, and saw 14 of its levels.

You collected 612 gold pieces.
You spent 243 gold pieces at shops.

Inventory:

Hand weapons
 a - a +1,+0 war axe
 g - a +2,+4 orcish battleaxe of freezing
 j - a -1,+1 orcish dagger of venom (quivered)
 k - a +0 blowgun
 m - the +9,+7 war axe "Ofunir" (weapon) {venom, rC+ Str+1}
   (You bought it in a shop on level 11 of the Dungeon)

   It poisons the flesh of those it strikes.
   It affects your strength (+1).
   It protects you from cold.
 t - a +1,+3 orcish dagger of venom
 C - a +0,+1 dwarven war axe
 G - a +0,+0 dwarven hand axe
 H - a +1,+2 whip of flaming
 I - a +0,+3 mace
 K - a +3,+1 dwarven short sword of electrocution
 L - a +1,+2 orcish hand axe of venom
 U - a +3,+2 longbow of flame
Armour
 q - a +2 helmet of see invisible (worn)
 r - a +1 shield (worn)
 N - a +0 mottled dragon hide
 O - a +0 orcish plate armour (worn)
 R - a +0 troll hide
Magical devices
 f - a wand of teleportation (0)
 p - a wand of slowing (13)
 B - a wand of enslavement (3)
 E - a wand of enslavement (15)
 S - a wand of fire (0)
Comestibles
 b - 5 bread rations
 c - 12 sultanas
 d - 3 meat rations
 u - a lemon
 z - a pear
 P - an apple
Scrolls
 l - 2 scrolls of remove curse
 s - a scroll of fear
 A - a scroll of amnesia
 D - 3 scrolls of identify
 F - 3 scrolls of immolation
 M - a scroll of enchant weapon II
Jewellery
 e - an uncursed ring of magical power
 i - a cursed amulet of resist mutation
 o - a ring of protection from cold (right hand)
 v - a +2 ring of strength (left hand)
 w - an amulet of the gourmand (around neck)
 y - an uncursed ring of invisibility
 V - an uncursed ring of positive energy {unknown}
Potions
 J - a potion of cure mutation
Books
 h - a book of Fire

   Spells                             Type                      Level
   Fire Brand                         Charms/Fire                  2
   Ignite Poison                      Fire/Transmutation           5
   Fireball                           Conjuration/Fire             5
   Bolt of Fire                       Conjuration/Fire             6
   Delayed Fireball                   Conjuration/Fire             7
   Ring of Flames                     Charms/Fire                  7
 n - a book of Wizardry

   Spells                             Type                      Level
   *Summon Elemental                  Summoning                    4
   Agony                              Necromancy                   5
   Force Lance                        Conjuration                  5
   Fireball                           Conjuration/Fire             5
   Haste                              Charms                       6
   Invisibility                       Hexes                        6
 T - a book of Transfigurations

   Spells                             Type                      Level
   Stoneskin                          Transmutation/Earth          2
   Polymorph                          Hexes/Transmutation          4
   Ice Form                           Ice/Transmutation            4
   Statue Form                        Transmutation/Earth          6
   Dragon Form                        Transmutation                7
Miscellaneous
 Q - a crystal ball of energy


   Skills:
 * Level 7.0 Fighting
 * Level 8.7 Axes
 - Level 2.6 Maces & Flails
 * Level 8.8 Armour
 - Level 6.8 Dodging
 - Level 1.7 Stealth
 * Level 4.2 Shields
 - Level 4.2 Unarmed Combat
 * Level 4.8 Spellcasting
 * Level 2.5 Summonings
 * Level 5.2 Evocations


You had 15 spell levels left.
You knew the following spells:

 Your Spells              Type           Power        Failure   Level  Hunger
a - Summon Elemental      Summ           ##........   100%        4    ####...


Dungeon Overview and Level Annotations

Branches:
Dungeon (13/27)            Temple (1/1) D:6             Orc (0/4) D:10
   Lair: D:8-13

Shops:
D:11 (

Annotations:
D:3 Chiseanne's ghost, average KoFi


Innate Abilities, Weirdness & Mutations

Your flesh is heat resistant.


Message History

The skeletal warrior is severely damaged.
The skeletal warrior hits you with a glowing glaive!
* * * LOW HITPOINT WARNING * * *
You hit the skeletal warrior.
The skeletal warrior is severely damaged.
The skeletal warrior hits you with a glowing glaive!
* * * LOW HITPOINT WARNING * * *
You hit the skeletal warrior.
The skeletal warrior is almost destroyed.
You hit the skeletal warrior but do no damage.
The skeletal warrior is almost destroyed.
You block the skeletal warrior's attack.
You hit the skeletal warrior but do no damage.
The skeletal warrior is almost destroyed.
The skeletal warrior hits you with a glowing glaive.
* * * LOW HITPOINT WARNING * * *
You hit the skeletal warrior.
The skeletal warrior is almost destroyed.
The skeletal warrior hits you with a glowing glaive!
You die...

#..# . ######..###
... ...#..∩..#
....###.#...#.#
.............#z#
.#...#..##..#.#####
#####..##..#.....#
#..)z#.##..#####.#
#.##@#.##..# #
#.##.#.##..#
#.#.<#.##..#
#.####.##..# #. ..#
. ## ###


You could see a skeletal warrior.

Vanquished Creatures
  Harold (D:10)
  Nessos (D:12)
  An ogre mage (D:11)
  The ghost of Vidiiot the Conjurer, an experienced TeAE of Kikubaaqudgha (D:11)
  Erolcha (D:8)
  3 skeletal warriors (D:13)
  An unseen horror (D:10)
  2 hill giants
  4 trolls
  A hydra zombie (D:12)
  A slime creature (D:11)
  The ghost of Seskara the Bolt Thrower, an average GrHu (D:4)
  A wyvern (D:8)
  Eustachio (D:9)
  6 yaks (D:12)
  2 hippogriffs
  3 hungry ghosts
  A mottled dragon (D:11)
  3 manticores
  4 orc warriors
  4 necrophages
  A phantom (D:10)
  3 ogres
  3 centaurs
  3 ice beasts
  2 sky beasts
  2 big kobolds (D:10)
  A crocodile (D:10)
  13 giant frogs
  Blork the orc (D:7)
  A water moccasin (D:7)
  6 killer bees (D:11)
  A yak zombie (D:12)
  7 crimson imps
  2 centaur skeletons
  3 jellies
  2 water moccasin zombies
  A gnoll shaman (D:8)
  9 orc wizards
  6 orc priests
  A quasit (D:12)
  10 hounds
  An iron imp (D:9)
  2 scorpions
  7 worker ants
  2 iguanas
  An ogre zombie (D:5)
  A sky beast zombie (D:6)
  An ogre skeleton (D:5)
  A hound skeleton (D:4)
  A mummy (D:7)
  A worker ant zombie (D:10)
  6 gnolls (D:8)
  15 adders
  2 lemures (D:9)
  2 giant centipedes
  2 giant mites
  3 worms
  2 scorpion zombies
  An adder skeleton (D:8)
  2 giant eyeballs
  4 giant geckos
  An ooze (D:2)
  61 orcs
  2 ball pythons
  5 giant cockroaches
  18 hobgoblins
  10 jackals
  17 kobolds
  10 quokkas
  8 bats
  4 giant newts
  8 goblins
  A quokka skeleton (D:5)
  12 rats
  A rat zombie (D:6)
336 creatures vanquished.

Vanquished Creatures (collateral kills)
  Pikel (D:6)
  A giant frog (D:6)
  An orc (D:6)
3 creatures vanquished.

Vanquished Creatures (others)
  2 worker ants (D:6)
  An orc (D:8)
3 creatures vanquished.

Grand Total: 342 creatures vanquished

Notes
Turn   | Place    | Note
--------------------------------------------------------------
     0 | D:1      | Chiseanne, the Demigod Monk, began the quest for the Orb.
     0 | D:1      | Reached XP level 1. HP: 17/17 MP: 2/2
   263 | D:1      | Found a snail-covered altar of Cheibriados.
   594 | D:1      | Reached XP level 2. HP: 24/24 MP: 3/3
   761 | D:2      | HP: 1/24 [poisoned by an adder]
  1160 | D:2      | Reached skill level 1 in Armour
  1160 | D:2      | Reached skill level 4 in Unarmed Combat
  1160 | D:2      | Reached XP level 3. HP: 13/30 MP: 5/5
  1529 | D:2      | Reached XP level 4. HP: 18/37 MP: 7/7
  2585 | D:3      | Found a blossoming altar of Fedhas.
  2819 | D:3      | Noticed Chiseanne's ghost (average KoFi)
  3379 | D:3      | Reached XP level 5. HP: 27/44 MP: 8/8
  3552 | D:4      | Noticed Seskara's ghost (average GrHu)
  3572 | D:4      | Killed Seskara's ghost
  3572 | D:4      | Reached skill level 1 in Axes
  3572 | D:4      | Reached XP level 6. HP: 29/50 MP: 10/10
  3785 | D:4      | Noticed an ogre
  3788 | D:4      | Killed an ogre
  4146 | D:4      | Noticed an ice beast
  4615 | D:5      | Entered Level 5 of the Dungeon
  4800 | D:5      | Found a sparkling altar of Nemelex Xobeh.
  4866 | D:5      | Reached XP level 7. HP: 57/57 MP: 12/12
  4950 | D:5      | Reached skill level 1 in Maces & Flails
  4958 | D:5      | Found a burning altar of Makhleb.
  5122 | D:5      | Paralysed by a giant eyeball for 3 turns
  5963 | D:6      | Reached skill level 1 in Spellcasting
  6112 | D:6      | Found a white marble altar of Elyvilon.
  6157 | D:6      | Noticed Pikel
  6202 | D:6      | Killed Pikel
  6202 | D:6      | Reached skill level 5 in Dodging
  6202 | D:6      | Reached skill level 1 in Evocations
  6202 | D:6      | Reached XP level 8. HP: 34/64 MP: 15/15
  6829 | D:6      | Found a staircase to the Ecumenical Temple.
  6845 | Temple   | Entered the Ecumenical Temple
  7136 | D:6      | Reached skill level 5 in Armour
  8258 | D:7      | Gained mutation: You are partially covered in slimy green scales (AC +2). [potion of mutation]
  8258 | D:7      | Gained mutation: Armour fits poorly on your strangely shaped body. [potion of mutation]
  8258 | D:7      | Gained mutation: You are frail (-10% HP). [potion of mutation]
  8259 | D:7      | Gained mutation: You are very frail (-20% HP). [potion of mutation]
  8259 | D:7      | Gained mutation: You have a somewhat thin skeletal structure (Dex +2, Stlth). [potion of mutation]
  8260 | D:7      | Lost mutation: Armour fits poorly on your strangely shaped body. [potion of cure mutation]
  8260 | D:7      | Lost mutation: You are very frail (-20% HP). [potion of cure mutation]
  8260 | D:7      | Lost mutation: You are frail (-10% HP). [potion of cure mutation]
  8260 | D:7      | Lost mutation: You have a somewhat thin skeletal structure (Dex +2, Stlth). [potion of cure mutation]
  8260 | D:7      | Lost mutation: You are partially covered in slimy green scales (AC +2). [potion of cure mutation]
  8516 | D:7      | Reached skill level 6 in Armour
  8949 | D:7      | Noticed Blork the orc
  9042 | D:7      | Killed Blork the orc
  9646 | D:8      | Noticed Erolcha
  9701 | D:8      | Reached XP level 9. HP: 38/71 MP: 19/19
 10059 | D:8      | Noticed a hill giant
 10065 | D:8      | Killed a hill giant
 10065 | D:8      | Reached skill level 5 in Fighting
 10423 | D:8      | Killed Erolcha
 10423 | D:8      | Reached skill level 5 in Axes
 10685 | D:8      | Gained mutation: Your flesh is heat resistant. [potion of beneficial mutation]
 10826 | D:9      | Noticed Eustachio
 10831 | D:9      | Killed Eustachio
 11688 | D:10     | Entered Level 10 of the Dungeon
 11717 | D:10     | Reached skill level 7 in Armour
 11717 | D:10     | Reached XP level 10. HP: 80/80 MP: 22/22
 11732 | D:10     | Noticed Harold
 11739 | D:10     | You fall through a shaft!
 11739 | D:11     | Noticed Vidiiot's ghost (experienced TeAE)
 11747 | D:11     | Found Itat's Antique Weapon Shoppe.
 11987 | D:11     | Bought a jewelled war axe for 243 gold pieces
 11988 | D:11     | Identified the +9,+7 war axe "Ofunir" {venom, rC+ Str+1} (You bought it in a shop on level 11 of the Dungeon)
 12039 | D:11     | Killed Vidiiot's ghost
 12682 | D:11     | Reached skill level 1 in Shields
 12693 | D:11     | Found a burning altar of Makhleb.
 13816 | D:11     | Learned a level 4 spell: Summon Elemental
 14248 | D:10     | Killed Harold
 14509 | D:10     | Reached skill level 1 in Summonings
 14516 | D:10     | Found a staircase to the Orcish Mines.
 15041 | D:10     | Noticed an unseen horror
 15049 | D:10     | Killed an unseen horror
 15301 | D:10     | Reached skill level 8 in Armour
 15301 | D:10     | Reached XP level 11. HP: 86/86 MP: 24/24
 15539 | D:10     | Noticed a hill giant
 15546 | D:10     | Killed a hill giant
 15871 | D:11     | Noticed an ogre mage
 15904 | D:11     | Killed an ogre mage
 16704 | D:12     | Noticed Nessos
 17310 | D:12     | Killed Nessos
 17310 | D:12     | Reached skill level 5 in Evocations
 17612 | D:13     | Noticed a skeletal warrior
 17626 | D:13     | Killed a skeletal warrior
 17817 | D:13     | Found a labyrinth entrance.
 17817 | D:13     | Noticed a skeletal warrior
 17837 | D:13     | Killed a skeletal warrior
 17864 | D:13     | Noticed a skeletal warrior
 17864 | D:13     | Noticed a skeletal warrior
 17900 | D:13     | HP: 3/87 [iguana (8)]
 18355 | D:13     | Killed a skeletal warrior
 18514 | D:13     | HP: 3/87 [skeletal warrior/glowing glaive (22)]
 18517 | D:13     | HP: 1/87 [skeletal warrior/glowing glaive (3)]
 18518 | D:13     | Mangled by a skeletal warrior

Action                   |  1- 3 |  4- 6 |  7- 9 | 10-12 || total
-------------------------+-------+-------+-------+-------++-------
Melee: Unarmed           |    21 |       |       |       ||    21
       Hand axe          |   104 |   245 |       |       ||   349
       Mace              |       |   123 |   101 |       ||   224
       War axe           |       |       |   144 |   443 ||   587
       Battleaxe         |       |       |   142 |     6 ||   148
Evoke: Wand              |       |     5 |    28 |    22 ||    55
  Use: Scroll            |     5 |     2 |    21 |     6 ||    34
       Potion            |     2 |     3 |     7 |    13 ||    25
